 Dungeon Crawl Stone Soup version 0.26.1-11-gd32895ea62 (webtiles) character file.

Game seed: 15474410368395418734

480 Almogavar the Conjurer (level 6, -1/45 HPs)
             Began as a Draconian Conjurer on May 6, 2021.
             Was an Initiate of Nemelex Xobeh.
             Slain by an ice beast (10 damage)
             ... on level 5 of the Dungeon.
             The game lasted 00:16:51 (5443 turns).

Almogavar the Conjurer (Draconian Conjurer)         Turns: 5443, Time: 00:16:52

Health: -1/45      AC:  6    Str: 10    XL:     6   Next: 86%
Magic:  8/12       EV: 12    Int: 20    God:    Nemelex Xobeh [......]
Gold:   199        SH:  0    Dex:  9    Spells: 10/13 levels left

rFire    . . .     SeeInvis .   h - +0 dagger (protect)
rCold    . . .     Faith    .   (no shield)
rNeg     + . .     Spirit   .   (armour unavailable)
rPois    .         Reflect  .   (helmet restricted)
rElec    .         Harm     .   (no cloak)
rCorr    .         Rampage  .   (no gloves)
Will     .....                  (no boots)
Stlth    ++........             (no amulet)
HPRegen  0.15/turn              f - ring of positive energy
MPRegen  0.13/turn              (no ring)

@: slowed, very slow
A: unfitting armour, cold-blooded, AC +6
a: Renounce Religion, Draw Escape, Draw Destruction, Draw Summoning


You were on level 5 of the Dungeon.
You worshipped Nemelex Xobeh.
Nemelex Xobeh was noncommittal.
You visited 2 branches of the dungeon, and saw 6 of its levels.

You collected 199 gold pieces.

Inventory:

Hand Weapons
 h - a +0 dagger of protection (weapon)
Jewellery
 f - a ring of positive energy (left hand)
Scrolls
 a - a scroll of blinking
 e - 3 scrolls of immolation {unknown}
 g - 2 scrolls of teleportation
 i - a scroll of remove curse
 j - a scroll of enchant weapon
 k - 5 scrolls of magic mapping
Potions
 b - 4 potions of curing
 c - a potion of berserk rage
 d - 2 potions of heal wounds
 l - a potion of might
 m - a potion of ambrosia
 n - 2 potions of resistance {unknown}


   Skills:
 + Level 0.3 Fighting
 + Level 1.0 Short Blades
 + Level 2.3 Dodging
 + Level 2.6 Stealth
 + Level 4.2 Spellcasting
 + Level 6.4 Conjurations


You had 10 spell levels left.
You knew the following spells:

 Your Spells              Type           Power        Failure   Level
a - Magic Dart            Conj           100%         1%          1
b - Searing Ray           Conj           58%          1%          2

Your spell library contained the following spells:

 Spells                   Type           Power        Failure   Level
 Dazzling Flash           Conj/Hex       34%          10%         3
 Beastly Appendage        Tmut           8%           13%         1
 Wereblood                Tmut           4%           19%         2
 Fulminant Prism          Conj/Hex       8%           32%         4
 Iskenderun's Mystic Bla  Conj/Tloc      17%          32%         4
 Spider Form              Tmut/Pois      2%           36%         3
 Ice Form                 Ice/Tmut       4%           77%         4
 Blade Hands              Tmut           2%           98%         5


Dungeon Overview and Level Annotations

Branches:
Dungeon (5/15)             Temple (1/1) D:4

Altars:
Ashenzari
Cheibriados
Dithmenos
Elyvilon
Fedhas
Gozag
Hepliaklqana
Kikubaaqudgha
Makhleb
Nemelex Xobeh
Okawaru
Qazlal
Ru
Trog
Uskayaw
Vehumet
Wu Jian
Xom
Yredelemnul
Zin
The Shining One


Innate Abilities, Weirdness & Mutations

Your plain brown scales are hard. (AC +6)
You cannot fit into any form of body armour.
You are cold-blooded and may be slowed by cold attacks.


Message History

The ice beast is lightly wounded. (Press . to maintain the ray.)
The ice beast barely misses you.
The searing ray hits the ice beast.
The ice beast is lightly wounded.
The ice beast hits you but does no damage.
The searing ray misses the ice beast.
The ice beast hits you. The ice beast freezes you!
You feel yourself slow down.
The searing ray misses the ice beast.
You finish channeling your searing ray.
The ice beast hits you. The ice beast freezes you.
The ice beast closely misses you.
You feel yourself speed up.
The ice beast hits you but does no damage.
The ice beast hits you. The ice beast freezes you!
You feel yourself slow down.
* * * LOW HITPOINT WARNING * * *
The ice beast hits you.
* * * LOW HITPOINT WARNING * * *
The ice beast freezes you!
You die...
Your body disappears without a glow.

.....#. ...... #..
#....# #..#####....##
...#........#
#..........#### .
#........#..#
..####....@......#
.....#....Y.....##
#.............##
.##..............###
...................##
.........##.#.......#
....###.....#.......#
... #...#........##
.. ######........#


You could see an ice beast.

Vanquished Creatures
  Sigmund (D:3)
  An orc priest (D:3)
  A bullfrog skeleton (D:5)
  A hound (D:4)
  Ijyb (D:4)
  Jessica (D:3)
  A worker ant (D:3)
  6 adders
  3 worms
  2 dart slugs
  4 leopard geckos
  10 orcs
  2 ball pythons
  7 bats
  7 giant cockroaches
  8 goblins
  5 hobgoblins
  13 jackals (D:3)
  7 frilled lizards
  11 kobolds
  7 rats
99 creatures vanquished.

Vanquished Creatures (others)
  15 plants (D:3)
15 creatures vanquished.

Grand Total: 114 creatures vanquished

Notes
Turn   | Place    | Note
-------+----------+-------------------------------------------
     0 | D:1      | Almogavar the Draconian Conjurer began the quest for the
                  | Orb.
     0 | D:1      | Reached XP level 1. HP: 14/14 MP: 3/3
   529 | D:1      | Reached XP level 2. HP: 20/20 MP: 3/5
  1514 | D:2      | Reached XP level 3. HP: 26/26 MP: 3/6
  2164 | D:2      | Reached skill level 5 in Conjurations
  2226 | D:2      | Reached XP level 4. HP: 33/33 MP: 5/7
  3127 | D:3      | Reached XP level 5. HP: 29/38 MP: 2/9
  3405 | D:3      | Noticed Jessica
  3407 | D:3      | Killed Jessica
  3581 | D:3      | Noticed Sigmund
  3589 | D:3      | Killed Sigmund
  3590 | D:3      | Reached skill level 6 in Conjurations
  3590 | D:3      | Reached XP level 6. HP: 34/45 MP: 1/11
  3944 | D:3      | Learned a level 2 spell: Searing Ray
  5086 | D:4      | Found a staircase to the Ecumenical Temple.
  5092 | Temple   | Entered the Ecumenical Temple
  5196 | Temple   | Became a worshipper of Nemelex Xobeh the Trickster
  5252 | D:5      | Entered Level 5 of the Dungeon
  5291 | D:5      | Reached skill level 1 in Short Blades
  5361 | D:5      | Noticed Ijyb
  5362 | D:5      | Noticed an ice beast
  5375 | D:4      | Killed Ijyb
  5443 | D:5      | Slain by an ice beast

Illustrated notes

Levels and vault maps discovered:
D:1:      dpeg_arrival_solitude, layout_basic, minmay_misc_feat_four_crosses
D:2:      minmay_inner_zag, layout_basic
D:3:      layout_basic, lexackson_kobold_supper, uniq_sigmund, uniq_jessica
D:4:      layout_loops_cross, minmay_temple_entry_fiery
D:5:      layout_cave_pools, uniq_ijyb
Temple:   compressed_dpeg_circular_temple

Skill      XL: |  1  2  3  4  5  6 |
---------------+-------------------+-----
Dodging        | 2 |  2.3
Stealth        | 2 |  2.6
Conjurations   | 5 6 |  6.4
Spellcasting   | 3 4 |  4.2
Short Blades   | 1 |  1.0
Fighting       | |  0.3

Action                   |  1- 3 |  4- 6 || total
-------------------------+-------+-------++-------
Melee: Dagger            |       |    11 ||    11
 Cast: Magic Dart        |    67 |   123 ||   190
       Searing Ray       |       |    12 ||    12
  Use: Scroll            |       |    11 ||    11
Armor: Skin              |     1 |     8 ||     9
Dodge: Dodged            |       |    26 ||    26
